TOP OF THE 1ST |
Colorado Commanders batting - Pitching for Eau Claire Esquires : RHP Nick Parks
|
Pitching: RHP Nick Parks
|
|
Batting: RHB Roberto Zamora
|
0-0: Called Strike 0-1: Ball 1-1: Called Strike 1-2: Ball 2-2: Ball 3-2: Base on Balls
|
Batting: RHB Arnold Harmon
|
0-0: Ball 1-0: Ball 2-0: Called Strike 2-1: Foul Ball, location: 2F 2-2: Foul Ball, location: 2F 2-2: Foul Ball, location: 2F 2-2: Strikes out swinging
|
Batting: RHB Lee Price
|
0-0: Ball 1-0: Fly out, F7 (Line Drive, 78M)
|
Batting: LHB Gary Kern
|
0-0: Ball 1-0: Fly out, F7 (Popup, 6D)
|
Top of the 1st over - 0 run(s), 0 hit(s), 0 error(s), 1 left on base; Colorado 0 - Eau Claire 0 |
BOTTOM OF THE 1ST |
Eau Claire Esquires batting - Pitching for Colorado Commanders : LHP Matt Parker
|
Pitching: LHP Matt Parker
|
|
Batting: RHB Tony Quinn
|
0-0: Called Strike 0-1: Foul Ball, location: 2F 0-2: Ground out 5-3 (Groundball, 56S)
|
Batting: RHB Norm Francis
|
0-0: Ball 1-0: Ball 2-0: Foul Ball, location: 2F 2-1: Foul Ball, location: 2F 2-2: Ball 3-2: Foul Ball, location: 2F 3-2: Base on Balls
|
Batting: RHB Seiji Kouno
|
0-0: Grounds into double play, 6-4-3 (Groundball, 6M)
|
Bottom of the 1st over - 0 run(s), 0 hit(s), 0 error(s), 0 left on base; Colorado 0 - Eau Claire 0 |
TOP OF THE 2ND |
Colorado Commanders batting - Pitching for Eau Claire Esquires : RHP Nick Parks
|
Batting: LHB John Nicholson
|
0-0: Called Strike 0-1: Foul Ball, location: 2F 0-2: Ball 1-2: Ball 2-2: Ground out 6-3 (Groundball, 6)
|
Batting: RHB Keith Jones
|
0-0: Ground out 6-3 (Groundball, 6M)
|
Batting: SHB Ángel Díaz
|
0-0: Ball 1-0: Ball 2-0: Ball 3-0: Called Strike 3-1: DOUBLE (Line Drive, 6D)
|
Batting: RHB Emiel van Rhee
|
0-0: Ball 1-0: Ball 2-0: Called Strike 2-1: Foul Ball, location: 2F 2-2: Foul Ball, location: 2F 2-2: Foul Ball, location: 2F 2-2: Ground out 6-3 (Groundball, 6D)
|
Top of the 2nd over - 0 run(s), 1 hit(s), 0 error(s), 1 left on base; Colorado 0 - Eau Claire 0 |
BOTTOM OF THE 2ND |
Eau Claire Esquires batting - Pitching for Colorado Commanders : LHP Matt Parker
|
Batting: LHB Edwin Ryan
|
0-0: Ball 1-0: SINGLE (Groundball, 4M)
|
Batting: RHB Roberto García
|
0-0: Called Strike 0-1: Fly out, F3 (Line Drive, 3S) 0-1: Lined into DP, U3 (Line Drive, 3S)
|
Batting: RHB Eric Fuller
|
0-0: Ball 1-0: Called Strike 1-1: Ball 2-1: Ground out 4-3 (Groundball, 4)
|
Bottom of the 2nd over - 0 run(s), 1 hit(s), 0 error(s), 0 left on base; Colorado 0 - Eau Claire 0 |
TOP OF THE 3RD |
Colorado Commanders batting - Pitching for Eau Claire Esquires : RHP Nick Parks
|
Batting: RHB Earnest Turner
|
0-0: Swinging Strike 0-1: Ball 1-1: Swinging Strike 1-2: Strikes out swinging
|
Batting: RHB Roberto Zamora
|
0-0: Called Strike 0-1: Foul Ball, location: 2F 0-2: Ball 1-2: Ball 2-2: Strikes out swinging
|
Batting: RHB Arnold Harmon
|
0-0: Bunt for hit - play at first, batter OUT! 3-4
|
Top of the 3rd over - 0 run(s), 0 hit(s), 0 error(s), 1 left on base; Colorado 0 - Eau Claire 0 |
BOTTOM OF THE 3RD |
Eau Claire Esquires batting - Pitching for Colorado Commanders : LHP Matt Parker
|
Batting: RHB Tony Vázquez
|
0-0: Foul Ball, location: 2F 0-1: Ball 1-1: Ball 2-1: Swinging Strike 2-2: Foul Ball, location: 2F 2-2: Strikes out swinging
|
Batting: RHB Herb Bunch
|
0-0: Ball 1-0: Swinging Strike 1-1: Called Strike 1-2: Ground out 6-3 (Groundball, 6)
|
Batting: LHB Manny Salazar
|
0-0: Ball 1-0: Ball 2-0: Ball 3-0: Base on Balls
|
Batting: RHB Tony Quinn
|
0-0: Ball 1-0: Called Strike 1-1: Swinging Strike 1-2: SINGLE (Groundball, 6M) Manny Salazar to second Runner from 2nd tries for 3rd, SAFE, no throw or cutoff
|
Batting: RHB Norm Francis
|
0-0: DOUBLE (Groundball, 5L) Manny Salazar scores Tony Quinn to third Runner from 3rd tries for Home, SAFE, no throw or cutoff
|
Batting: RHB Seiji Kouno
|
0-0: Ball 1-0: Foul Ball, location: 2F 1-1: 2-RUN HOME RUN (Flyball, 7D), Distance : 343 ft
|
Batting: LHB Edwin Ryan
|
0-0: Ball 1-0: Ball 2-0: Foul Ball, location: 2F 2-1: Ball 3-1: Called Strike 3-2: SINGLE (Line Drive, 56)
|
Batting: RHB Roberto García
|
0-0: Called Strike 0-1: Ball 1-1: Called Strike 1-2: Strikes out looking
|
Bottom of the 3rd over - 4 run(s), 4 hit(s), 0 error(s), 1 left on base; Colorado 0 - Eau Claire 4 |
TOP OF THE 4TH |
Colorado Commanders batting - Pitching for Eau Claire Esquires : RHP Nick Parks
|
Batting: RHB Lee Price
|
0-0: Called Strike 0-1: Called Strike 0-2: Ball 1-2: Strikes out swinging
|
Batting: LHB Gary Kern
|
0-0: Fly out, F7 (Flyball, 7LM)
|
Batting: LHB John Nicholson
|
0-0: Ball 1-0: Ground out 4-3 (Groundball, 4)
|
Top of the 4th over - 0 run(s), 0 hit(s), 0 error(s), 0 left on base; Colorado 0 - Eau Claire 4 |
BOTTOM OF THE 4TH |
Eau Claire Esquires batting - Pitching for Colorado Commanders : LHP Matt Parker
|
Batting: RHB Eric Fuller
|
0-0: Ball 1-0: Fly out, F7 (Flyball, 78XD)
|
Now in LF: Richard Pendergast
|
|
Batting: RHB Tony Vázquez
|
0-0: Ball 1-0: SINGLE (Groundball, 6MD)
|
Batting: RHB Herb Bunch
|
0-0: Ball 1-0: SINGLE (Groundball, 34S) Tony Vázquez to second Runner from 2nd tries for 3rd, SAFE, throw made to third
|
Batting: LHB Manny Salazar
|
0-0: Ball 1-0: Foul Ball, location: 2F 1-1: Fielders Choice at 2nd, 5-4 (Groundball, 56) Tony Vázquez scores
|
Batting: RHB Tony Quinn
|
0-0: Ball 1-0: Swinging Strike 1-1: Ball 2-1: Fly out, F2 (Popup, 2LF)
|
Bottom of the 4th over - 1 run(s), 2 hit(s), 0 error(s), 1 left on base; Colorado 0 - Eau Claire 5 |
TOP OF THE 5TH |
Colorado Commanders batting - Pitching for Eau Claire Esquires : RHP Nick Parks
|
Batting: RHB Keith Jones
|
0-0: Ball 1-0: Called Strike 1-1: Ball 2-1: Foul Ball, location: 2F 2-2: Foul Ball, location: 2F 2-2: Ground out 1-3 (Groundball, 23)
|
Batting: SHB Ángel Díaz
|
0-0: Foul Ball, location: 2F 0-1: Ball 1-1: Ball 2-1: SINGLE (Groundball, 6D)
|
Batting: RHB Emiel van Rhee
|
0-0: Called Strike Ángel Díaz is caught stealing 2nd base 0-1: Ball 1-1: Ball 2-1: SINGLE (Line Drive, 34D)
|
Batting: RHB Earnest Turner
|
0-0: Called Strike Emiel van Rhee steals 2nd base 0-1: Foul Ball, location: 2F 0-2: Strikes out swinging
|
Top of the 5th over - 0 run(s), 2 hit(s), 0 error(s), 1 left on base; Colorado 0 - Eau Claire 5 |
BOTTOM OF THE 5TH |
Eau Claire Esquires batting - Pitching for Colorado Commanders : LHP Matt Parker
|
Batting: RHB Norm Francis
|
0-0: Foul Ball, location: 2F 0-1: Ball 1-1: Fly out, F8 (Flyball, 8LM)
|
Batting: RHB Seiji Kouno
|
0-0: Ball 1-0: Ball 2-0: Foul Ball, location: 2F 2-1: Ball 3-1: Foul Ball, location: 2F 3-2: Ground out 6-3 (Groundball, 6)
|
Batting: LHB Edwin Ryan
|
0-0: Called Strike 0-1: Foul Ball, location: 2F 0-2: Foul Ball, location: 2F 0-2: Ball 1-2: Strikes out swinging
|
Bottom of the 5th over - 0 run(s), 0 hit(s), 0 error(s), 0 left on base; Colorado 0 - Eau Claire 5 |
TOP OF THE 6TH |
Colorado Commanders batting - Pitching for Eau Claire Esquires : RHP Nick Parks
|
Batting: RHB Roberto Zamora
|
0-0: Called Strike 0-1: Fly out, F8 (Flyball, 8LXD)
|
Batting: RHB Arnold Harmon
|
0-0: Bunt for hit - play at first, batter OUT! 5-3
|
Batting: RHB Lee Price
|
0-0: Ball 1-0: Ball 2-0: Ball 3-0: Base on Balls
|
Batting: LHB Gary Kern
|
0-0: Ball 1-0: SINGLE (Line Drive, 56D) Lee Price to second
|
Batting: RHB Richard Pendergast
|
0-0: Called Strike 0-1: Ball 1-1: Foul Ball, location: 2F 1-2: SINGLE (Groundball, 56) Lee Price to third Gary Kern to second Runner from 3rd tries for Home, SAFE, throw made at trailing runner, OUT at third!
|
Top of the 6th over - 1 run(s), 2 hit(s), 0 error(s), 1 left on base; Colorado 1 - Eau Claire 5 |
BOTTOM OF THE 6TH |
Eau Claire Esquires batting - Pitching for Colorado Commanders : LHP Matt Parker
|
Batting: RHB Roberto García
|
0-0: DOUBLE (Flyball, 8LXD)
|
Batting: RHB Eric Fuller
|
0-0: Intentional Walk
|
Batting: RHB Tony Vázquez
|
0-0: Ball 1-0: Called Strike 1-1: Ball 2-1: Ball 3-1: Foul Ball, location: 2F Reached via error on a dropped throw, E3 Roberto García to third Eric Fuller to second
|
Pitching: RHP Bill Davis
|
|
Batting: RHB Herb Bunch
|
0-0: Ball 1-0: Called Strike 1-1: Ball 2-1: Ball 3-1: Called Strike 3-2: Foul Ball, location: 2F 3-2: Foul Ball, location: 2F 3-2: Fly out, F2 (Popup, 2RF)
|
Batting: LHB Manny Salazar
|
0-0: Called Strike 0-1: Foul Ball, location: 2F 0-2: Strikes out looking
|
Batting: RHB Tony Quinn
|
0-0: Called Strike 0-1: Swinging Strike 0-2: Ball 1-2: Foul Ball, location: 2F 1-2: Strikes out swinging
|
Bottom of the 6th over - 0 run(s), 1 hit(s), 1 error(s), 3 left on base; Colorado 1 - Eau Claire 5 |
TOP OF THE 7TH |
Colorado Commanders batting - Pitching for Eau Claire Esquires : RHP Nick Parks
|
Batting: RHB Keith Jones
|
0-0: Ball 1-0: Called Strike 1-1: Foul Ball, location: 2F 1-2: Strikes out looking
|
Pitching: RHP Gene McNeil
|
|
Batting: SHB Ángel Díaz
|
0-0: Fly out, F6 (Line Drive, 6)
|
Batting: RHB Emiel van Rhee
|
0-0: Called Strike 0-1: SINGLE (Popup, 9LS)
|
Batting: RHB Earnest Turner
|
0-0: Ball 1-0: Fly out, F8 (Line Drive, 8LM)
|
Top of the 7th over - 0 run(s), 1 hit(s), 0 error(s), 1 left on base; Colorado 1 - Eau Claire 5 |
BOTTOM OF THE 7TH |
Eau Claire Esquires batting - Pitching for Colorado Commanders : RHP Bill Davis
|
Batting: RHB Norm Francis
|
0-0: Ball 1-0: Ball 2-0: Called Strike 2-1: Fly out, F8 (Line Drive, 8LM)
|
Batting: RHB Seiji Kouno
|
0-0: Called Strike 0-1: Ball 1-1: Ball 2-1: Called Strike 2-2: Foul Ball, location: 2F 2-2: SINGLE (Line Drive, 34D)
|
Batting: LHB Edwin Ryan
|
0-0: Called Strike 0-1: Ball 1-1: Swinging Strike 1-2: Strikes out looking
|
Batting: RHB Roberto García
|
0-0: Fly out, F7 (Popup, 78S)
|
Bottom of the 7th over - 0 run(s), 1 hit(s), 0 error(s), 1 left on base; Colorado 1 - Eau Claire 5 |
TOP OF THE 8TH |
Colorado Commanders batting - Pitching for Eau Claire Esquires : RHP Gene McNeil
|
Batting: RHB Roberto Zamora
|
0-0: Fly out, F8 (Flyball, 8RM)
|
Batting: RHB Arnold Harmon
|
0-0: Called Strike 0-1: Called Strike 0-2: Ball 1-2: Strikes out swinging
|
Batting: RHB Lee Price
|
0-0: Swinging Strike 0-1: DOUBLE (Groundball, 5L)
|
Batting: LHB Gary Kern
|
0-0: Ball 1-0: Ball 2-0: Ball 3-0: Called Strike 3-1: Base on Balls
|
Pitching: RHP Francisco Anaya
|
|
Batting: RHB Richard Pendergast
|
0-0: Ball 1-0: Ball 2-0: Ball 3-0: Called Strike 3-1: Foul Ball, location: 2F 3-2: Strikes out swinging
|
Top of the 8th over - 0 run(s), 1 hit(s), 0 error(s), 2 left on base; Colorado 1 - Eau Claire 5 |
BOTTOM OF THE 8TH |
Eau Claire Esquires batting - Pitching for Colorado Commanders : RHP Bill Davis
|
Pitching: RHP Kel Rosewarne
|
|
Batting: RHB Eric Fuller
|
0-0: Ball 1-0: Ball 2-0: Ground out 1-3 (Groundball, 13S)
|
Batting: RHB Tony Vázquez
|
0-0: Fly out, F4 (Popup, 34D)
|
Batting: RHB Herb Bunch
|
0-0: Called Strike 0-1: Foul Ball, location: 2F 0-2: Ball 1-2: Ball 2-2: Ball 3-2: Foul Ball, location: 2F 3-2: Fly out, F9 (Line Drive, 89D)
|
Bottom of the 8th over - 0 run(s), 0 hit(s), 0 error(s), 0 left on base; Colorado 1 - Eau Claire 5 |
TOP OF THE 9TH |
Colorado Commanders batting - Pitching for Eau Claire Esquires : RHP Francisco Anaya
|
Batting: RHB Keith Jones
|
0-0: Fly out, F9 (Flyball, 9M)
|
Batting: SHB Ángel Díaz
|
0-0: Called Strike 0-1: Swinging Strike 0-2: Ball 1-2: Strikes out swinging
|
Batting: RHB Emiel van Rhee
|
0-0: Ball 1-0: Called Strike 1-1: Foul Ball, location: 2F 1-2: Ball 2-2: Strikes out swinging
|
Top of the 9th over - 0 run(s), 0 hit(s), 0 error(s), 0 left on base; Colorado 1 - Eau Claire 5 |
|